 Dungeon Crawl Stone Soup version 0.31-a0-164-g2312942fda (webtiles) character file.

Game seed: 10312174986762737314

195 qw the Chopper (level 5, -1/33 HPs)
             Began as a Gargoyle Fighter on June 13, 2023.
             Killed by nerve-wracking pain
             ... invoked by an orc priest
              (6 damage)
             ... on level 3 of the Dungeon.
             The game lasted 00:01:05 (1844 turns).

qw the Chopper (Gargoyle Fighter)                   Turns: 1844, Time: 00:01:05

Health: -1/33      AC: 12    Str: 22    XL:     5   Next: 74%
Magic:  5/5        EV:  9    Int:  8    God:
Gold:   135        SH:  4    Dex:  9    Spells: 4/4 levels left

rFire   + . .        Y - +0 war axe
rCold   + + .        c - +0 buckler
rNeg    + . .        b - +0 scale mail
rPois   inf          (no helmet)
rElec   +            m - scarf {rC+ rF+}
rCorr   .            (no gloves)
SInv    .            k - +0 pair of boots
Will    .....        (no amulet) Stlth
                     a - ring of protection from cold
HPRegen 0.25/turn    (no ring)
MPRegen 0.09/turn

%: no passive effects
@: no status effects
A: sickness immunity, AC +4, negative energy resistance 1, electricity
resistance, torment resistance 1, petrification resistance
a: no special abilities


You were on level 3 of the Dungeon.
You visited 1 branch of the dungeon, and saw 3 of its levels.

You collected 135 gold pieces.


Innate Abilities, Weirdness & Mutations

You are immune to sickness and miasma.
Your stone body is resilient. (AC +4)
You are immune to poison.
You resist negative energy. (rN+)
You are resistant to electric shocks. (rElec)
You are resistant to unholy torment.
You are immune to petrification.


   Skills:
 + Level 3.8 Fighting
 - Level 5.0 Axes
 - Level 3.2 Armour
 - Level 3.2 Shields


You had 4 spell levels left.
You didn't know any spells.
Your spell library was empty.

Inventory:

Hand Weapons
 l - a +0 flail
 q - the +5 whip "Puseahor" {holy, Fragile rF+ Str+2 Int+5}
   (You found it on level 2 of the Dungeon)

   Str:       It affects your strength (+2).
   Int:       It affects your intelligence (+5).
   rF:        It protects you from fire.
   Fragile:   It will be destroyed if unequipped.
 Y - a +0 war axe (weapon)
Missiles
 f - 2 boomerangs (quivered)
Armour
 b - a +0 scale mail (worn)
 c - a +0 buckler (worn)
 k - a +0 pair of boots (worn)
 m - a scarf of resistance (worn)
Jewellery
 a - a ring of protection from cold (left hand)
 p - a +4 ring of protection
Scrolls
 j - 2 scrolls of identify {unknown}
 n - a scroll of noise {unknown}
Potions
 d - 3 potions of might
 e - a potion of enlightenment {unknown}
 g - a potion of attraction {unknown}
 h - 2 potions of resistance {unknown}
 i - a potion of mutation {unknown}
 o - a potion of curing {unknown}

Dungeon Overview and Level Annotations

Branches:
Dungeon (3/15)

Altars:
Nemelex Xobeh
Ru
Vehumet

Annotations:
D:1 2 transporters


Message History

The orc hits you but does no damage. The orc priest misses you.
The orc hits you but does no damage.
You closely miss the orc.
The orc is moderately wounded.
You hit the orc priest. You hit the orc. The orc hits you with a +0 hand axe.
The orc priest hits you with a +0 club. You block the orc's attack.
You hit the orc.
The orc is heavily wounded.
You closely miss the orc priest. You hit the orc. You block the orc's attack.
The orc priest invokes the aid of Beogh against you.
Beogh smites you! The orc hits you with a +0 flail.
You slash the orc!
You kill the orc!
You hit the orc priest. You hit the orc but do no damage.
The orc closely misses you.
The orc priest hits you but does no damage.
The orc barely misses you.
The orc priest hits you but does no damage.
You barely miss the orc.
The orc is heavily wounded.
You barely miss the orc priest. The orc hits you with a +0 flail.
The orc priest barely misses you.
You hit the orc.
You kill the orc!
You barely miss the orc priest. The orc priest closely misses you.
You closely miss the orc priest.
The orc priest is moderately wounded.
The orc priest hits you with a +0 club.
The orc priest hits you but does no damage.
You hit the orc priest but do no damage.
The orc priest is moderately wounded.
The orc priest hits you but does no damage.
You barely miss the orc priest.
The orc priest is moderately wounded.
The orc priest invokes the aid of Beogh against you.
Pain shoots through your body!
You die...

...# #.......##....#
#..# #....##.#######
... #....##..# ##
########.#####
#...%.# #####.####
#.......#
##.#########.......#
......o@...........#
......))####.......#
........# #.......#
........# #.......#
........# #########
........# ........#
#########


You could see an orc priest.

Vanquished Creatures
  Natasha (D:2)
  4 gnolls (D:3)
  5 adders
  2 dart slugs
  9 orcs (D:3)
  9 ball pythons
  5 bats
  7 endoplasms
  3 giant cockroaches (D:1)
  2 goblins
  4 hobgoblins
  6 jackals
  3 quokkas
  2 frilled lizards (D:1)
  3 kobolds
  8 rats
73 creatures vanquished.

Notes
Turn   | Place    | Note
-------+----------+-------------------------------------------
     0 | D:1      | qw the Gargoyle Fighter began the quest for the Orb.
     0 | D:1      | Reached XP level 1. HP: 14/14 MP: 1/1
     0 | D:1      | 0 ||| qw: Version: 0.2-a-29-gc1b59c4
     0 | D:1      | 0 ||| qw: Game counter: 4588
     0 | D:1      | 0 ||| qw: Always use a shield: true
     0 | D:1      | 0 ||| qw: God list: Okawaru
     0 | D:1      | 0 ||| qw: Allow faded altars: false
     0 | D:1      | 0 ||| qw: Do Orc after D:15 true
     0 | D:1      | 0 ||| qw: Do second Lair branch before Depths: true
     0 | D:1      | 0 ||| qw: Lair rune preference: random
     0 | D:1      | 0 ||| qw: Plans: Normal, Zot:1-4, Slime:5, God:TSO, Crypt,
                  | Tomb, Abyss, Pan, Hells, Win
     0 | D:1      | 0 ||| PLANNING D:1-11
     9 | D:1      | 9 ||| Stepping ~*~*~tactically~*~*~ (stealth).
    10 | D:1      | 10 ||| Stepping ~*~*~tactically~*~*~ (stealth).
    16 | D:1      | Reached skill level 2 in Axes
    45 | D:1      | Reached XP level 2. HP: 16/19 MP: 2/2
    45 | D:1      | 45 ||| FLEEEEING.
    46 | D:1      | 46 ||| FLEEEEING.
    47 | D:1      | 47 ||| FLEEEEING.
    48 | D:1      | 48 ||| FLEEEEING.
    49 | D:1      | 49 ||| FLEEEEING.
   231 | D:1      | Reached skill level 3 in Axes
   243 | D:1      | Reached XP level 3. HP: 15/23 MP: 3/3
   276 | D:1      | 276 ||| DROPPING +0 club.
   309 | D:1      | 309 ||| Stepping ~*~*~tactically~*~*~ (stealth).
   311 | D:1      | 311 ||| Stepping ~*~*~tactically~*~*~ (hiding).
   663 | D:1      | 663 ||| READING scroll labelled BUM YDER OSU.
   764 | D:1      | 764 ||| READING scroll labelled JONLEO DESOTI.
   782 | D:2      | 782 ||| STAIRDANCE
   872 | D:2      | 872 ||| Stepping ~*~*~tactically~*~*~ (stealth).
   937 | D:2      | Reached XP level 4. HP: 28/28 MP: 4/4
   945 | D:2      | Found a sacrificial altar of Ru.
   962 | D:2      | Noticed Natasha
   970 | D:2      | Killed Natasha
   971 | D:2      | Reached skill level 4 in Axes
  1061 | D:2      | 1061 ||| Stepping ~*~*~tactically~*~*~ (hiding).
  1070 | D:2      | 1070 ||| Stepping ~*~*~tactically~*~*~ (stealth).
  1071 | D:2      | 1071 ||| Stepping ~*~*~tactically~*~*~ (hiding).
  1191 | D:2      | Reached XP level 5. HP: 30/32 MP: 5/5
  1371 | D:2      | Identified the +5 whip "Puseahor" {holy, Fragile rF+ Str+2
                  | Int+5}
  1487 | D:2      | 1487 ||| UPGRADING to +0 pair of boots.
  1492 | D:2      | 1492 ||| DROPPING orb of light.
  1493 | D:2      | 1493 ||| UPGRADING to scarf of resistance.
  1498 | D:2      | 1498 ||| DROPPING orb of energy.
  1499 | D:2      | 1499 ||| UPGRADING to ring of protection from cold.
  1500 | D:2      | 1500 ||| READING 2 scrolls labelled MEGYTE FISYRO.
  1501 | D:2      | 1501 ||| READING scroll labelled YMEMUC WOMAH.
  1525 | D:2      | 1525 ||| READING scroll labelled SEDEMO GASHROMI.
  1526 | D:2      | 1526 ||| DROPPING scroll of poison.
  1570 | D:3      | Found a radiant altar of Vehumet.
  1584 | D:3      | Reached skill level 5 in Axes
  1630 | D:3      | 1630 ||| DROPPING +0 whip.
  1667 | D:3      | Found a sparkling altar of Nemelex Xobeh.
  1741 | D:3      | 1741 ||| Stepping ~*~*~tactically~*~*~ (stealth).
  1742 | D:3      | 1742 ||| Stepping ~*~*~tactically~*~*~ (stealth).
  1842 | D:3      | HP: 5/33 [orc priest/+0 club (5)]
  1844 | D:3      | Killed from afar by an orc priest

Levels and vault maps discovered:
D:1:      spicycebolla_arrival_transporter_tutorial, layout_basic
D:2:      layout_loops_ring, basic_altar, uniq_natasha
D:3:      layout_rooms, lemuel_doored_altar, vehumet_crystals, uniq_jessica

Skill      XL: |  1  2  3  4  5 |
---------------+----------------+-----
Axes           | 2 3 4 5 |  5.0
Fighting       | |  3.8
Armour         | |  3.2
Shields        | |  3.2

Action                     |  1- 3 |  4- 6 || total
---------------------------+-------+-------++-------
  Melee: War axe           |   113 |    74 ||   187
  Throw: Boomerang         |    10 |    34 ||    44
    Use: Scroll            |     2 |     3 ||     5
 Armour: Scale mail        |    77 |    42 ||   119
  Dodge: Dodged            |    55 |    21 ||    76
  Block: Buckler           |    26 |    10 ||    36

Table legend:
 A = Non-vault XP
 B = Vault XP
 C = Vault XP percentage of total XP
 D = Non-vault monster count
 E = Vault monster count
 F = Vault count percentage of total count
                 A         B        C        D         E       F
            +---------+---------+-------+---------+---------+-------
      Total |     246 |      33 |  11.8 |      72 |       1 |   1.4
            +---------+---------+-------+---------+---------+-------
        D:1 |      64 |       0 |   0.0 |      31 |       0 |   0.0
        D:2 |      91 |      33 |  26.6 |      23 |       1 |   4.2
        D:3 |      91 |       0 |   0.0 |      18 |       0 |   0.0
            +---------+---------+-------+---------+---------+-------
